Map: Odyssey LE

Players

Creature - Winner!

  • Race: Protoss Protoss
  • League: Grandmaster
  • Spawn Location: 11:00

ByRada

  • Race: Zerg Zerg
  • League: Grandmaster
  • Spawn Location: 5:00

VOD

Have the link to the VOD?

Description

Time

  • Played on: Oct. 7, 2017, 5:48 p.m.
  • Length: 9:27
Show
View Real Time Build Order
Export as new Build Order

Creature Protoss - Winner!

Build Orders: 1 Gate Expand, Oracle Opening, Zealot Archon 

Get SALT Encoding   

  12  0:01  Probe (Chrono Boost)  
  13  0:11  Probe (Chrono Boost)  
  14  0:18  Pylon  
  14  0:22  Probe (Chrono Boost)  
  15  0:36  Probe (Chrono Boost)  
  15  0:40  Gateway  
  16  0:47  Probe (Chrono Boost)  
  16  0:48  Assimilator  
  17  0:58  Probe (Chrono Boost)  
  18  1:08  Probe (Chrono Boost)  
  19  1:21  Nexus  
  19  1:23  Probe (Chrono Boost)  
  20  1:35  Cybernetics Core  
  20  1:37  Probe (Chrono Boost)  
  21  1:42  Assimilator  
  21  1:47  Probe (Chrono Boost)  
  22  1:54  Pylon  
  22  1:58  Probe (Chrono Boost)  
  23  2:12  Probe, Adept (Chrono Boost)  
  26  2:24  Probe  
  26  2:26  Stargate  
  27  2:33  Probe  
  27  2:36  Probe, Warp Gate  
  29  2:38  Adept (Chrono Boost)  
  29  2:43  Probe  
  31  2:48  Probe  
  33  2:54  Probe  
  34  3:00  Probe  
  34  3:02  Adept (Chrono Boost)  
  34  3:04  Probe  
  37  3:08  Gateway  
  37  3:10  Oracle (Chrono Boost)  
  41  3:13  Probe  
  41  3:16  Probe  
  42  3:25  Gateway  
  42  3:26  Probe  
  43  3:27  Probe  
  44  3:37  Probe  
  44  3:38  Probe  
  46  3:45  Pylon  
  46  3:47  Assimilator  
  46  3:49  Assimilator  
  46  3:55  Pylon  
  46  4:02  Probe  
  46  4:03  Probe  
  46  4:04  Robotics Facility, Phoenix (Chrono Boost)  
  50  4:12  Probe, Pylon  
  50  4:15  Probe  
  52  4:23  Probe  
  52  4:27  Probe  
  52  4:28  Twilight Council  
  52  4:30  Forge  
  52  4:33  Probe  
  53  4:40  Probe  
  53  4:44  Gateway  
  52  4:48  Pylon  
  52  4:51  Warp Prism (Chrono Boost)  
  54  5:00  Nexus  
  54  5:02  Protoss Ground Weapons Level 1  
  54  5:07  Charge (Chrono Boost)  
  54  5:09  Templar Archives  
  54  5:12  Pylon  
  54  5:18  Adept x2  
  57  5:41  Gateway x2  
  57  5:45  Nexus, Gateway x2  
  57  5:49  Probe  
  59  5:50  Probe  
  59  5:54  Pylon  
  59  5:59  High Templar x4  
  59  6:01  Probe  
  59  6:03  Archon  
  59  6:04  Archon  
  68  6:05  Probe  
  68  6:09  Pylon  
  69  6:14  Probe  
  69  6:17  Probe  
  66  6:26  Mothership Core  
  66  6:29  Probe  
  66  6:32  Zealot x4  
  68  6:41  Probe  
  68  6:46  Zealot x2  
  68  6:47  Probe, Zealot  
  73  6:48  Zealot  
  73  6:53  Probe  
  76  7:01  Zealot x4  
  84  7:12  High Templar  
  86  7:15  Nexus  
  86  7:16  Pylon x2  
  86  7:32  Pylon  
  86  7:41  High Templar  
  86  7:42  Probe  
  71  7:45  Zealot x4  
  71  7:46  Zealot x2  
  71  7:47  Archon  
  71  7:51  Zealot  
  73  7:58  Probe x2  
  75  8:07  Pylon  
  75  8:08  High Templar x2  
  75  8:09  High Templar x2  
  75  8:10  Probe, High Templar x2  
  88  8:13  Probe  
  88  8:14  Archon x2  
  88  8:15  Archon  
  88  8:16  Zealot x2  
  93  8:23  Probe  
  93  8:24  Pylon  
  93  8:25  Probe  
  95  8:31  Probe  
  96  8:35  Probe  
  96  8:37  Probe  
  98  8:42  Probe  
  98  8:47  Probe  
  100  8:49  Assimilator x2, Zealot  
  100  8:50  Zealot x7  
  88  8:56  Probe  
  89  9:06  Probe  
  90  9:16  Zealot x2  
  90  9:17  Zealot x6  
Show
View Real Time Build Order
Export as new Build Order

ByRada Zerg 

Build Orders: Hatch First 

Get SALT Encoding   

  12  0:00  Drone  
  13  0:12  Overlord  
  13  0:16  Drone  
  14  0:30  Drone x2  
  14  0:34  Drone  
  17  0:52  Hatchery  
  17  0:54  Drone  
  17  0:59  Drone  
  18  1:08  Extractor  
  17  1:14  Spawning Pool  
  17  1:16  Drone  
  17  1:20  Drone  
  18  1:29  Drone  
  19  1:39  Drone  
  20  1:54  Overlord  
  20  2:03  Hatchery, Zergling x2  
  20  2:07  Drone  
  21  2:13  Drone  
  23  2:17  Drone  
  23  2:18  Queen  
  26  2:25  Hatchery  
  25  2:30  Metabolic Boost  
  25  2:32  Drone  
  25  2:36  Drone  
  27  2:37  Drone  
  27  2:43  Drone x2  
  30  2:49  Queen  
  32  2:53  Zergling x2  
  32  2:57  Zergling x2  
  34  2:58  Zergling x2  
  35  3:07  Overlord  
  35  3:12  Drone  
  36  3:20  Evolution Chamber  
  36  3:21  Overlord  
  34  3:27  Drone x4  
  34  3:32  Drone  
  39  3:36  Queen  
  39  3:37  Drone  
  39  3:41  Drone x2  
  43  3:45  Spore Crawler  
  43  3:51  Spore Crawler  
  43  3:53  Spore Crawler  
  41  3:57  Zerg Melee Weapons Level 1  
  41  4:00  Drone x2  
  43  4:06  Drone x3  
  43  4:07  Drone  
  46  4:10  Drone  
  46  4:14  Zergling x4  
  48  4:35  Drone x2  
  48  4:38  Zergling x10  
  52  4:39  Zergling x6  
  52  4:42  Baneling Nest  
  55  4:54  Overlord  
  55  4:59  Overlord x2  
  55  5:00  Lair  
  55  5:02  Drone x2  
  55  5:05  Extractor  
  55  5:06  Overlord  
  55  5:07  Extractor, Overlord  
  56  5:14  Overlord  
  55  5:15  Drone x2  
  57  5:25  Drone x5  
  57  5:27  Drone x2  
  54  5:38  Zergling x2  
  54  5:39  Zergling x16  
  62  5:45  Drone  
  63  5:50  Zergling x4  
  63  5:56  Baneling Nest  
  64  5:57  Hatchery  
  64  5:58  Zergling x2  
  64  5:59  Zergling x2  
  64  6:03  Zergling x4  
  67  6:06  Centrifical Hooks  
  67  6:09  Hatchery, Zerg Melee Weapons Level 2  
  67  6:11  Drone x2  
  69  6:12  Drone  
  69  6:15  Extractor  
  69  6:16  Zergling x2  
  69  6:17  Zergling x8  
  74  6:21  Drone  
  74  6:22  Drone x2  
  76  6:28  Zergling x4  
  76  6:29  Zergling x2  
  77  6:36  Zergling x6  
  77  6:39  Drone x2  
  81  6:40  Drone  
  81  6:47  Overlord x2  
  78  6:54  Hydralisk Den  
  78  6:56  Zergling x8  
  81  7:05  Zergling x4  
  82  7:08  Baneling  
  82  7:09  Baneling x4  
  82  7:11  Baneling x3  
  82  7:12  Zergling x2  
  82  7:13  Zergling x6  
  85  7:15  Queen  
  85  7:21  Zergling x6  
  86  7:32  Hydralisk x2  
  86  7:33  Hydralisk x4  
  82  7:48  Hydralisk x5  
  82  7:49  Hydralisk  
  91  7:57  Hydralisk x3  
  88  7:59  Zergling x2  
  88  8:05  Zergling x8  
  92  8:06  Zergling x2  
  92  8:10  Drone x3  
  97  8:14  Zergling x2  
  97  8:15  Zergling x4  
  100  8:22  Drone x3  
  103  8:28  Baneling x2  
  103  8:30  Baneling x2  
  103  8:35  Baneling x2  
  103  8:37  Overlord x2  
  103  8:38  Overlord  
  103  8:52  Hatchery  
  103  8:53  Zergling x2  
  103  8:54  Zergling x18  
  99  8:59  Zergling x2  
  99  9:00  Zergling x6  
Tags
 
Add a new tag
Caveats
  • Supply blocks, unpowered buildings, or Contaminate may cause inaccurate times.
  • Supply counts are checked every 10 seconds.